 Dungeon Crawl Stone Soup version 0.28.0-49-g6dfe1f597d (webtiles) character file.

Game seed: 1909397284349948594

122 Exodus22XD the Covered (level 4, -2/40 HPs)
             Began as a Minotaur Fighter on May 14, 2022.
             Was a Follower of Okawaru.
             Succumbed to a water moccasin's poison
             ... on level 5 of the Dungeon.
             The game lasted 00:02:04 (2282 turns).

Exodus22XD the Covered (Minotaur Fighter)           Turns: 2282, Time: 00:02:04

Health: -2/40      AC:  8    Str: 23    XL:     4   Next: 78%
Magic:  1/3        EV: 11    Int:  5    God:    Okawaru [*.....]
Gold:   46         SH:  6    Dex:  9    Spells: 3/3 levels left

rFire   . . .      SeeInvis .   a - +0 war axe
rCold   . . .      Faith    .   c - +0 buckler
rNeg    . . .      Spirit   .   b - +0 scale mail
rPois   .          Reflect  .   (helmet restricted)
rElec   .          Harm     .   (no cloak)
rCorr   .          Rampage  .   (no gloves)
Will    .....                   (no boots)
Stlth   +.........              (no amulet)
HPRegen 0.13/turn               (no ring)
MPRegen 0.08/turn               (no ring)

@: lethally poisoned (-2 -> -24), heroic, attractive
A: horns 2, retaliatory headbutt
a: Renounce Religion, Heroism


You were on level 5 of the Dungeon.
You worshipped Okawaru.
Okawaru was aware of your devotion.
You visited 1 branch of the dungeon, and saw 5 of its levels.

You collected 46 gold pieces.

Inventory:

Hand Weapons
 a - a +0 war axe (weapon)
Armour
 b - a +0 scale mail (worn)
 c - a +0 buckler (worn)
Wands
 e - a wand of polymorph (11)
Scrolls
 f - a scroll of identify {unknown}
 g - a scroll of vulnerability {unknown}
 i - a scroll of blinking {unknown}
 k - a scroll of teleportation {unknown}
 m - a scroll of brand weapon {unknown}
Potions
 d - a potion of might
 j - a potion of mutation {unknown}
 l - a potion of invisibility {unknown}


   Skills:
 + Level 4.2(9.2) Fighting
 + Level 3.9(8.9) Axes
 + Level 4.5(9.5) Armour
 + Level 4.3(9.3) Shields
 * Level 1.3 Invocations


You had 3 spell levels left.
You didn't know any spells.
Your spell library was empty.

Dungeon Overview and Level Annotations

Branches:
Dungeon (6/15)
 Temple: D:4-7

Altars:
Okawaru
Wu Jian

Shops:
D:2 (


Innate Abilities, Weirdness & Mutations

You have a pair of horns on your head.
You reflexively headbutt those who attack you in melee.


Message History

A water moccasin comes into view.
The water moccasin hisses angrily.
A howler monkey comes into view.
The howler monkey howls!
An adder comes into view.
The adder hisses angrily.
A hound skeleton comes into view.
The howler monkey barely misses you. The adder barely misses you.
The howler monkey closely misses you. You furiously retaliate!
You headbutt the howler monkey. The adder bites you but does no damage.
The adder closely misses you.
The howler monkey hoots and howls with incredible vigour!
You hear an angry hiss.
You hear a shout! x3; You hear an angry hiss.
Found 11 stones.
The hound skeleton bites you. The hound skeleton barely misses you.
You miss the water moccasin. You slash the howler monkey!
You hit the hound skeleton. The water moccasin bites you.
You are poisoned.
The water moccasin poisons you!
The howler monkey hoots and howls with incredible vigour!
The water moccasin bites you.
You are lethally poisoned!
The water moccasin poisons you! The adder bites you but does no damage.
You hear an angry hiss.
You hear a shout!
You hear a bark!
* * * LOW HITPOINT WARNING * * *
You feel extremely sick.
You gain the combat prowess of a mighty hero.
* * * LOW HITPOINT WARNING * * *
You feel extremely sick.
An adder comes into view.
The water moccasin bites you.
* * * LOW HITPOINT WARNING * * *
You block the howler monkey's attack. The water moccasin closely misses you.
The adder moves out of view.
Unknown command.
Unknown command.
Unknown command.
It was a potion of attraction.
You feel attractive to monsters.
You die...

##.....##.#####$..
#.....###... ####
##.....##...# .##
#.......##......
..........###....
...........###.#..
..........ZS......
.......###hS.###..
...........@##
..#.#......#
##........
#.........
#..........
##..........
..........(..
..............


You could see a water moccasin, a howler monkey (catching breath), an adder and
a hound skeleton.

Vanquished Creatures
  A jelly (D:5)
  Robin (D:2)
  2 adders
  A worm (D:2)
  A dart slug (D:2)
  4 bats
  5 endoplasms
  14 goblins
  3 hobgoblins
  4 jackals (D:1)
  3 ball pythons
  5 frilled lizards
  7 kobolds
  3 rats
54 creatures vanquished.

Notes
Turn   | Place    | Note
-------+----------+-------------------------------------------
     0 | D:1      | Exodus22XD the Minotaur Fighter began the quest for the
                  | Orb.
     0 | D:1      | Reached XP level 1. HP: 19/19 MP: 0/0
   260 | D:1      | Reached XP level 2. HP: 27/27 MP: 1/1
   967 | D:2      | Reached XP level 3. HP: 33/33 MP: 2/2
   975 | D:2      | Found a faded altar of an unknown god.
   980 | D:2      | Prayed at the altar of an unknown god.
   980 | D:2      | Became a worshipper of Warmaster Okawaru
   980 | D:2      | Reached * piety under Okawaru
  1032 | D:2      | Found Casou's Weapon Shop.
  1411 | D:2      | Found an ornate altar of the Wu Jian Council.
  1559 | D:2      | Noticed Robin
  1569 | D:2      | Killed Robin
  1570 | D:2      | Reached XP level 4. HP: 22/40 MP: 0/3
  1879 | D:2      | Reached skill level 1 in Invocations
  2229 | D:3      | You fall into a shaft and drop 3 floors!
  2248 | D:5      | Entered Level 5 of the Dungeon
  2268 | D:5      | Noticed a water moccasin
  2282 | D:5      | Succumbed to a water moccasin's poison

Illustrated notes

Levels and vault maps discovered:
D:1:      psy_arrival_conway, layout_basic, kennysheep_crisscross
D:2:      layout_basic, serial_shops, nicolae_shop_trees,
          hellmonk_ecumenical_altar_heavens_door, basic_altar, minivault_19,
          palyth_stone_intersect, uniq_robin
D:3:      layout_basic, portal_sewer_entry_d, minmay_ruptured
D:5:      layout_cave_pools
D:6:      layout_basic, kiku_gazebo_garden_becter, serial_shops,
          kennysheep_mini, uniq_crazy_yiuf_cottage

Skill      XL: |  1  2  3  4 |
---------------+-------------+-----
Fighting       | 4 |  4.2
Armour         | 4 |  4.5
Shields        | 4 |  4.3
Axes           | 3 |  3.9
Invocations    | 1 |  1.3

Action                   |  1- 3 |  4- 6 || total
-------------------------+-------+-------++-------
Melee: War axe           |    71 |    18 ||    89
       Headbutt          |    10 |     4 ||    14
Invok: Heroism           |     1 |     1 ||     2
  Use: Potion            |     2 |     1 ||     3
Armor: Scale mail        |    38 |    12 ||    50
Dodge: Dodged            |    41 |    19 ||    60
Block: Buckler           |    25 |     2 ||    27
